 Dungeon Crawl Stone Soup version 0.31-a0-189-ga26ba32dd1 (webtiles) character file.

Game seed: 17531309354975899260

173 qw the Skirmisher (level 5, -1/29 HPs)
             Began as a Deep Elf Hunter on June 23, 2023.
             Slain by a gnoll
             ... wielding a +0 spear
              (5 damage)
             ... on level 3 of the Dungeon.
             The game lasted 00:00:37 (2007 turns).

qw the Skirmisher (Deep Elf Hunter)                 Turns: 2007, Time: 00:00:38

Health: -1/29      AC:  6    Str:  8 (10) XL:     5   Next: 28%
Magic:  7/7        EV: 10    Int: 13 (14) God:
Gold:   51         SH:  0    Dex: 18      Spells: 4/4 levels left

rFire   . . .        Y - +0 shortbow
rCold   . . .        (shield currently unavailable)
rNeg    . . .        g - +0 ring mail
rPois   .            (no helmet)
rElec   .            (no cloak)
rCorr   .            (no gloves)
SInv    .            e - +0 pair of boots
Will    .....        (no amulet)
Stlth   +            (no ring)
HPRegen 0.24/turn    (no ring)
MPRegen 0.10/turn

%: no passive effects
@: no status effects
A: no striking features
a: no special abilities


You were on level 3 of the Dungeon.
You visited 1 branch of the dungeon, and saw 3 of its levels.

You collected 51 gold pieces.


   Skills:
 - Level 1.5 Fighting
 + Level 8.7 Ranged Weapons
 - Level 2.4 Dodging
 - Level 1.2 Stealth


You had 4 spell levels left.
You didn't know any spells.
Your spell library was empty.

Inventory:

Hand Weapons
 Y - a +0 shortbow (weapon)
Armour
 e - a +0 pair of boots (worn)
 g - a +0 ring mail (worn)
Scrolls
 a - a scroll of identify
Potions
 b - 2 potions of curing

Dungeon Overview and Level Annotations

Branches:
Dungeon (3/15)

Altars:

Shops:
D:2 :


Message History

1988 ||| Stepping ~*~*~tactically~*~*~ (outnumbered).
Found a chain mail.
A bat comes into view.
You shoot an arrow. The arrow hits the bat.
The bat is severely wounded.
You shoot an arrow. The arrow hits the bat!
You kill the bat!
The gnoll shouts!
You hear a shout! x2
1996 ||| Stepping ~*~*~tactically~*~*~ (outnumbered).
You shoot an arrow. The arrow barely misses the gnoll.
You shoot an arrow. The arrow closely misses the gnoll.
The gnoll closely misses you.
You shoot an arrow. The arrow closely misses the gnoll.
The gnoll hits you from afar with a +0 spear.
The gnoll barely misses you.
You shoot an arrow.
The arrow hits the gnoll but does no damage.
The gnoll hits you from afar with a +0 spear.
You shoot an arrow. The arrow closely misses the gnoll.
The gnoll hits you from afar with a +0 spear.
You shoot an arrow. The arrow hits the gnoll.
The gnoll is moderately wounded.
The gnoll hits you but does no damage.
You shoot an arrow. The arrow hits the gnoll.
The gnoll is heavily wounded.
The gnoll hits you from afar with a +0 spear.
You shoot an arrow. The arrow hits the gnoll.
The gnoll is almost dead.
You hear a shout!
The gnoll hits you from afar with a +0 spear.
You shoot an arrow. The arrow hits the gnoll.
You kill the gnoll!
You shoot an arrow. The arrow hits the gnoll.
The gnoll is heavily wounded.
The gnoll hits you but does no damage.
A gnoll comes into view. It is wielding a +0 flail.
The gnoll hits you from afar with a +0 spear.
You shoot an arrow. The arrow barely misses the gnoll.
The gnoll hits you from afar with a +0 spear.
You die...

... #[# ####.#
..##%# #.##.#
#.##.# ##.##.#
#..@..#
#...###
#g#.#######
#g#.#.....#
###
#.#)..#)..####
#.#
#.##...).)#..
#.# #g
###...#....
#.# #. #...#.#
# #.# #g
##..#)# #.#


You could see 2 gnolls.

Vanquished Creatures
  2 orc priests (D:3)
  An orc wizard (D:3)
  A gnoll (D:3)
  2 adders
  2 worms (D:2)
  3 dart slugs (D:1)
  7 orcs
  2 endoplasms
  4 hobgoblins
  3 kobolds
  2 quokkas (D:2)
  5 ball pythons
  4 bats
  3 frilled lizards
  6 goblins
  2 rats
49 creatures vanquished.

Notes
Turn   | Place    | Note
-------+----------+-------------------------------------------
     0 | D:1      | qw the Deep Elf Hunter began the quest for the Orb.
     0 | D:1      | Reached XP level 1. HP: 12/12 MP: 3/3
     0 | D:1      | 0 ||| qw: Version: 0.3-a-9-g12657ce
     0 | D:1      | 0 ||| qw: Game counter: 4428
     0 | D:1      | 0 ||| qw: Always use a shield: true
     0 | D:1      | 0 ||| qw: God list: Okawaru
     0 | D:1      | 0 ||| qw: Allow faded altars: false
     0 | D:1      | 0 ||| qw: Do Orc after D:15 true
     0 | D:1      | 0 ||| qw: Do second Lair branch before Depths: true
     0 | D:1      | 0 ||| qw: Lair rune preference: random
     0 | D:1      | 0 ||| qw: Plans: Normal
     0 | D:1      | 0 ||| PLANNING D:1-11
   237 | D:1      | Reached XP level 2. HP: 16/16 MP: 4/4
   255 | D:1      | Reached skill level 6 in Ranged Weapons
   759 | D:1      | 759 ||| UPGRADING to +0 pair of boots.
   764 | D:1      | 764 ||| READING 3 scrolls labelled DUDEOWAORO.
   765 | D:1      | 765 ||| DROPPING scroll of butterflies.
   787 | D:2      | 787 ||| STAIRDANCE
   793 | D:1      | Reached XP level 3. HP: 12/20 MP: 5/5
   951 | D:2      | Reached skill level 7 in Ranged Weapons
  1193 | D:2      | Found Sualuus's Book Shop.
  1372 | D:2      | Reached XP level 4. HP: 8/25 MP: 6/6
  1879 | D:2      | 1879 ||| UPGRADING to +0 ring mail.
  1889 | D:2      | 1889 ||| DROPPING +0 leather armour.
  1890 | D:2      | 1890 ||| READING scroll labelled ZUOFIO YLIGOA.
  1891 | D:2      | 1891 ||| DRINKING 3 smoky emerald potions.
  1892 | D:2      | 1892 ||| DRINKING 2 inky potions.
  1893 | D:2      | 1893 ||| DRINKING 2 clear potions.
  1894 | D:2      | 1894 ||| READING 3 scrolls of identify.
  1894 | D:2      | 1894 ||| IDENTIFYING viscous purple potion
  1895 | D:2      | 1895 ||| READING 2 scrolls of identify.
  1895 | D:2      | 1895 ||| IDENTIFYING metallic silvery potion
  1896 | D:2      | 1896 ||| DROPPING potion of invisibility.
  1897 | D:2      | 1897 ||| DROPPING potion of degeneration.
  1898 | D:2      | 1898 ||| DROPPING potion of lignification.
  1970 | D:3      | Reached skill level 8 in Ranged Weapons
  1976 | D:3      | HP: 6/25 [orc/+0 hand axe (1)]
  1977 | D:3      | Reached XP level 5. HP: 7/29 MP: 7/7
  1977 | D:3      | 1977 ||| DRINKING potion of heal wounds.
  1988 | D:3      | 1988 ||| Stepping ~*~*~tactically~*~*~ (outnumbered).
  1996 | D:3      | 1996 ||| Stepping ~*~*~tactically~*~*~ (outnumbered).
  2006 | D:3      | HP: 4/29 [gnoll/+0 spear (5)]
  2007 | D:3      | Slain by a gnoll

Levels and vault maps discovered:
D:1:      dpeg_arrival_oval, layout_basic
D:2:      layout_basic, serial_shops, nicolae_shop_back_alley_shop
D:3:      layout_basic, shapermc_ecumenical_altar_mp_vishouse

Skill      XL: |  1  2  3  4 |
---------------+-------------+-----
Ranged Weapons | 6 7 8 |  8.7
Fighting       | |  1.5
Dodging        | |  2.4
Stealth        | |  1.2

Action                     |  1- 3 |  4- 6 || total
---------------------------+-------+-------++-------
   Fire: Shortbow          |   106 |    39 ||   145
    Use: Scroll            |     1 |     3 ||     4
         Potion            |       |     4 ||     4
 Armour: Leather armour    |     5 |       ||     5
         Ring mail         |       |     2 ||     2
  Dodge: Dodged            |    17 |     5 ||    22

Table legend:
 A = Non-vault XP
 B = Vault XP
 C = Vault XP percentage of total XP
 D = Non-vault monster count
 E = Vault monster count
 F = Vault count percentage of total count
                 A         B        C        D         E       F
            +---------+---------+-------+---------+---------+-------
      Total |     248 |       0 |   0.0 |      49 |       0 |   0.0
            +---------+---------+-------+---------+---------+-------
        D:1 |      48 |       0 |   0.0 |      19 |       0 |   0.0
        D:2 |      56 |       0 |   0.0 |      20 |       0 |   0.0
        D:3 |     144 |       0 |   0.0 |      10 |       0 |   0.0
            +---------+---------+-------+---------+---------+-------
